 Dungeon Crawl Stone Soup version 0.28.0-43-g3370ac3207 (webtiles) character file.

Game seed: 14076873484522305043

219 adizb the Slasher (level 5, -1/41 (43) HPs)
             Began as a Barachi Fighter on Mar 5, 2022.
             Was an Initiate of the Shining One.
             Slain by Crazy Yiuf
             ... wielding a +4 quarterstaff of chaos
              (11 damage)
             ... on level 2 of the Dungeon.
             The game lasted 00:06:40 (1394 turns).

adizb the Slasher (Barachi Fighter)                 Turns: 1394, Time: 00:06:41

HP:   -1/41 (43)    AC:  7    Str: 18    XL:     5   Next: 96%
MP:   5/5           EV: 10    Int:  8    God:    the Shining One [......]
Gold: 28            SH:  4    Dex: 13    Spells: 4/4 levels left

rFire   . . .      SeeInvis .   a - +0 long sword
rCold   . . .      Faith    .   c - +0 buckler
rNeg    . . .      Spirit   .   b - +0 scale mail
rPois   .          Reflect  .   (no helmet)
rElec   .          Harm     .   (no cloak)
rCorr   .          Rampage  .   (no gloves)
Will    .....                   (no boots)
Stlth   ..........              (no amulet)
HPRegen 0.13/turn               f - ring of wizardry
MPRegen 0.09/turn               (no ring)

@: mighty, unable to hop, glowing, lightly drained, slow
A: amphibious, slowness 1, strong legs 1, +LOS
a: Hop, Renounce Religion


You were on level 2 of the Dungeon.
You worshipped the Shining One.
The Shining One was noncommittal.
You visited 1 branch of the dungeon, and saw 2 of its levels.

You collected 28 gold pieces.

Inventory:

Hand Weapons
 a - a +0 long sword (weapon)
Missiles
 e - a poisoned dart (quivered)
 k - 2 boomerangs of dispersal
Armour
 b - a +0 scale mail (worn)
 c - a +0 buckler (worn)
Jewellery
 f - a ring of wizardry (left hand)
Scrolls
 g - a scroll of enchant armour {unknown}
 h - a scroll of immolation {unknown}
 n - a scroll of summoning {unknown}
Potions
 d - a potion of might
 i - a potion of ambrosia {unknown}
 j - a potion of attraction {unknown}
 l - 2 potions of heal wounds {unknown}
 m - a potion of curing {unknown}


   Skills:
 + Level 4.7 Fighting
 * Level 4.9 Long Blades
 + Level 4.7 Armour
 + Level 2.4 Dodging
 - Level 3.2 Shields


You had 4 spell levels left.
You didn't know any spells.
Your spell library was empty.

Dungeon Overview and Level Annotations

Branches:
Dungeon (2/15)

Altars:
The Shining One

Shops:
D:2 =

Annotations:
D:2 Crazy Yiuf


Innate Abilities, Weirdness & Mutations

You are amphibious.
You cover ground slowly.
You can hop short distances.
You have an extended range of vision and can be seen from far away.


Message History

d - 2 potions of might (gained 1)
Found a mace.
Found a runed translucent door.
Crazy Yiuf shouts!
As you open the door, it creaks loudly!
Crazy Yiuf cries, "Adder mobile sizzlefizz!"
Throw: 4 darts (poison)
Press: ? - help, Q - select action, (/) - cycle Shift-Dir - straight line, f - Crazy Yiuf
Aim: Crazy Yiuf, wielding a +4 quarterstaff of chaos and wearing a +0 cloak (63% to hit)
You throw a poisoned dart.
The poisoned dart closely misses Crazy Yiuf.
Crazy Yiuf hits you with a +4 quarterstaff of chaos.
Crazy Yiuf freezes you.
Throw: 3 darts (poison)
Press: ? - help, Q - select action, (/) - cycle Shift-Dir - straight line, f/p - Crazy Yiuf
Aim: Crazy Yiuf, wielding a +4 quarterstaff of chaos and wearing a +0 cloak (63% to hit)
You throw a poisoned dart.
The poisoned dart barely misses Crazy Yiuf.
Crazy Yiuf barely misses you.
Throw: 2 darts (poison)
Press: ? - help, Q - select action, (/) - cycle Shift-Dir - straight line, f/p - Crazy Yiuf
Aim: Crazy Yiuf, wielding a +4 quarterstaff of chaos and wearing a +0 cloak (63% to hit)
You throw a poisoned dart.
The poisoned dart closely misses Crazy Yiuf.
Crazy Yiuf hits you with a +4 quarterstaff of chaos.
You are electrocuted!
Hop to where?
Press: ? - help, Dir - move target, p - Crazy Yiuf Boing!
Crazy Yiuf yells, "Goober!"
You closely miss Crazy Yiuf.
Crazy Yiuf whimpers, "Cod!
Cod childish tired."
Crazy Yiuf hits you with a +4 quarterstaff of chaos!
* * * LOW HITPOINT WARNING * * *
You feel drained.
* * * LOW HITPOINT WARNING * * *
You block Crazy Yiuf's attack.
Okay, then.
You feel very mighty all of a sudden.
Crazy Yiuf hits you with a +4 quarterstaff of chaos!
You die...

.# #........# #..........
.###........# ##### #..........
............# #..)# #..........
...#####..### #...# #..........
.♣.# ##..# ... #.......... ...#
##.## #(# #.......... ##.## #..#
♣♣.♣ #.....#...# ##..#######.#
♣g♣♣ #...#.###.. ............#
♣♣@♣ #.......... .##.#.......#
♣.♣♣ #....#..... ###.........#
♣♣.♣♣ #....#..#.. #####.......#
♣...♣♣ #....#.##.# .#..........#
♣....♣ #......##.# ........###.#
##..## #....#....#
.........##.###....####...#####..
.........####.#............###...
.........####........##..........


You could see Crazy Yiuf.

Vanquished Creatures
  Sigmund (D:2)
  2 adders (D:2)
  2 worms (D:2)
  7 endoplasms
  A goblin (D:1)
  5 hobgoblins
  A quokka (D:1)
  2 ball pythons (D:1)
  3 bats (D:1)
  2 frilled lizards
  5 kobolds
  6 rats
37 creatures vanquished.

Notes
Turn   | Place    | Note
-------+----------+-------------------------------------------
     0 | D:1      | adizb the Barachi Fighter began the quest for the Orb.
     0 | D:1      | Reached XP level 1. HP: 18/18 MP: 1/1
   118 | D:1      | Reached XP level 2. HP: 18/25 MP: 2/2
   434 | D:1      | Reached skill level 1 in Dodging
   456 | D:1      | Reached XP level 3. HP: 28/30 MP: 3/3
   645 | D:2      | Noticed Sigmund
   726 | D:2      | Found Fuumn's Jewellery Emporium.
   851 | D:2      | Killed Sigmund
   852 | D:2      | Reached XP level 4. HP: 3/38 MP: 4/4
   852 | D:2      | Reached XP level 5. HP: 3/43 MP: 5/5
  1145 | D:2      | Found a glowing golden altar of the Shining One.
  1157 | D:2      | Became a worshipper of the Shining One
  1383 | D:2      | Found a runed translucent door.
  1384 | D:2      | Noticed Crazy Yiuf
  1394 | D:2      | Slain by Crazy Yiuf

Illustrated notes

Levels and vault maps discovered:
D:1:      dpeg_arrival_simpleton_a, layout_basic
D:2:      layout_rooms, serial_shops, nicolae_shop_trees, basic_altar,
          minivault_27, uniq_sigmund, uniq_crazy_yiuf_cottage

Skill      XL: |  1  2  3 |
---------------+----------+-----
Long Blades    | 3 4 |  4.9
Dodging        | 1 2 |  2.4
Armour         | 4 |  4.7
Fighting       | 4 |  4.7
Shields        | |  3.2

Action                   |  1- 3 |  4- 6 || total
-------------------------+-------+-------++-------
Melee: Long sword        |    95 |     9 ||   104
Throw: Dart              |    10 |     3 ||    13
       Boomerang         |     1 |       ||     1
 Abil: Hop               |       |     1 ||     1
  Use: Potion            |       |     1 ||     1
Armor: Scale mail        |    54 |     2 ||    56
Dodge: Dodged            |    43 |     3 ||    46
Block: Buckler           |    24 |     4 ||    28
